 Dungeon Crawl Stone Soup version 0.28.0-53-g5a82cb258f (webtiles) character file.

Game seed: 5484425765824069714

3990 Gabide the Martial Artist (level 10, -2/56 HPs)
             Began as a Vine Stalker Monk on June 6, 2022.
             Was a Believer of Sif Muna.
             Slain by a vault guard
             ... wielding a +0 broad axe
              (19 damage)
             ... in a bailey.
             The game lasted 00:28:09 (7618 turns).

Gabide the Martial Artist (Vine Stalker Monk)       Turns: 7618, Time: 00:28:10

Health: -2/56      AC: 11    Str: 14    XL:     10   Next: 22%
Magic:  0/11       EV: 15    Int: 16    God:    Sif Muna [**....]
Gold:   190        SH:  0    Dex: 21    Spells: 9/9 levels left

rFire   . . .      SeeInvis .     - Unarmed
rCold   . . .      Faith    .   (no shield)
rNeg    . . .      Spirit   +   l - +0 ring mail
rPois   .          Reflect  .   u - +1 helmet
rElec   .          Harm     .   (no cloak)
rCorr   .          Rampage  .   h - +0 pair of gloves
Will    +....                   f - +2 pair of boots
Stlth   ++........              y - amulet of magic regeneration
HPRegen 0.98/turn               g - +6 ring of intelligence
MPRegen 0.52/turn               (no ring)

@: no status effects
A: fangs 3, regeneration 1, magic shield, antimagic bite, no potion heal 2
a: Renounce Religion, Channel Magic


You were in a bailey.
You worshipped Sif Muna.
Sif Muna was pleased with you.
You visited 2 branches of the dungeon, and saw 9 of its levels.
You also visited: Sewer and Bailey.

You collected 257 gold pieces.
You spent 67 gold pieces at shops.

Inventory:

Hand Weapons
 a - a +0 hunting sling
 j - a +1 dagger of draining
Missiles
 m - 160 stones (quivered)
 p - a silver javelin
 t - 8 boomerangs
 C - 4 sling bullets
Armour
 f - a +2 pair of boots (worn)
 h - a +0 pair of gloves (worn)
 i - a +2 chain mail of cold resistance
 l - a +0 ring mail (worn)
 u - a +1 helmet (worn)
 D - a +1 robe of positive energy
Jewellery
 g - a +6 ring of intelligence (left hand)
 y - an amulet of magic regeneration (around neck)
Wands
 o - a wand of polymorph (5)
 E - a wand of flame (12)
 G - a wand of acid (3)
Scrolls
 d - a scroll of blinking
 e - a scroll of magic mapping
 n - 2 scrolls of teleportation
 q - 2 scrolls of fog
 r - 2 scrolls of vulnerability
 A - a scroll of immolation
 B - a scroll of noise
 H - a scroll of summoning
Potions
 b - 3 potions of flight
 c - 5 potions of curing
 k - a potion of berserk rage {unknown}
 s - a potion of lignification {unknown}
 v - 2 potions of haste
 w - 2 potions of might
 z - 2 potions of brilliance
 F - 2 potions of ambrosia
 J - a potion of cancellation {unknown}


   Skills:
 + Level 8.2 Fighting
 + Level 7.4 Dodging
 - Level 2.4 Stealth
 + Level 9.0 Unarmed Combat


You had 9 spell levels left.
You didn't know any spells.
Your spell library contained the following spells:

 Spells                   Type           Power      Damage    Failure   Level
 Conjure Flame            Conj/Fire      0%         6-21      83%         3
 Ignite Poison            Fire/Tmut/Pois 0%         N/A       83%         3
 Passage of Golubria      Tloc           0%         N/A       99%         4
 Sticky Flame             Conj/Fire      0%         2d3       99%         4
 Silence                  Hex/Air        0%         N/A       100%        5
 Lehudib's Crystal Spear  Conj/Erth      0%         10d2      100%        8


Dungeon Overview and Level Annotations

Branches:
Dungeon (8/15)             Temple (1/1) D:4           Sewer (visited)
 Bailey (1/1)
   Lair: D:8-11

Altars:
Ashenzari
Cheibriados
Dithmenos
Elyvilon
Fedhas
Kikubaaqudgha
Makhleb
Nemelex Xobeh
Okawaru
Qazlal
Ru
Sif Muna
Trog
Uskayaw
Vehumet
Wu Jian
Xom
Yredelemnul
Zin
The Shining One

Shops:
D:1 (   D:2 *   D:3 !   D:4 :


Innate Abilities, Weirdness & Mutations

You have razor-sharp teeth.
Your natural rate of healing is unusually fast.
When hurt, damage is shared between your health and your magic reserves.
Your bite disrupts and absorbs the magic of your enemies.
Potions cannot restore your health.


Message History

The bolt of acid misses the vault guard.
The bolt of acid hits Prince Ribbit!
You kill Prince Ribbit!
Sif Muna accepts your kill.
The vault guard hits you with a +0 broad axe!
Your Unarmed Combat skill increases to level 9!
You punch the vault guard!
The vault guard is moderately wounded.
You hit the vault guard.
The vault guard is moderately wounded.
The vault guard hits you with a +0 broad axe.
You hit the vault guard. You bite the vault guard. You drain its power.
You feel invigorated.
The vault guard is heavily wounded.
The vault guard hits you with a +0 broad axe.
You punch the vault guard!
The vault guard is heavily wounded.
The vault guard hits you with a +0 broad axe!
You don't know any spells.
Press: ? - help, v - describe, . - travel
Here: a vault guard, wielding a +0 broad axe and wearing a +0 plate armour (heavily wounded, covered in acid)
A gate leading back out of this place.
Unknown command.
Unknown command.
Okay, then.
Unknown command.
Unknown command.
Throw: throwing net
Press: ? - help, Q - select action, (/) - cycle Shift-Dir - straight line, f - vault guard
Aim: a vault guard, wielding a +0 broad axe and wearing a +0 plate armour (heavily wounded, covered in acid, 66% to hit)
You throw a throwing net.
The throwing net barely misses the vault guard.
The vault guard hits you with a +0 broad axe.
* * * LOW HITPOINT WARNING * * *
Okay, then.
As you read the scroll of fear, it crumbles to dust.
You assume a fearsome visage.
The vault guard resists with almost no effort.
The vault guard hits you with a +0 broad axe!!
You die...

#.)...#...##≈≈≈##
#.....#..(#≈≈≈≈≈#
#..####...#≈≈≈≈≈#
#....#....#≈≈≈≈≈#
##......#)#÷#≈≈##
##....##)).####
######.....#
#.p.∩.# #.@...#
##...## #####


You could see a vault guard (corroded).

Vanquished Creatures
  A hornet (D:8)
  Prince Ribbit (Bailey)
  5 humans (Bailey)
  A water moccasin (D:7)
  3 sky beasts
  A necrophage (D:8)
  2 ogres
  2 centaurs
  A phantom (D:7)
  12 bullfrogs
  A jelly (D:4)
  6 scorpions
  A water moccasin skeleton (D:6)
  3 wights (D:7)
  2 howler monkeys
  A bullfrog zombie (D:5)
  A centaur zombie (D:7)
  A bullfrog skeleton (D:7)
  3 hounds
  A centaur skeleton (D:7)
  2 iguanas
  2 orc wizards (D:8)
  A hound skeleton (D:5)
  9 gnolls
  7 adders
  3 river rats (Sewer)
  3 shadow imps
  2 white imps
  2 dart slugs
  6 orcs
  4 bats
  7 endoplasms
  3 giant cockroaches
  8 goblins
  5 hobgoblins
  3 quokkas
  11 ball pythons
  9 frilled lizards
  5 kobolds
  13 rats
154 creatures vanquished.

Vanquished Creatures (others)
  A fungus (D:1)
1 creature vanquished.

Grand Total: 155 creatures vanquished

Notes
Turn   | Place    | Note
-------+----------+-------------------------------------------
     0 | D:1      | Gabide the Vine Stalker Monk began the quest for the Orb.
     0 | D:1      | Reached XP level 1. HP: 11/11 MP: 2/2
   137 | D:1      | Found Jiuw's Weapon Shop.
   401 | D:1      | Reached XP level 2. HP: 16/16 MP: 3/3
   624 | D:1      | Found a faded altar of an unknown god.
   822 | D:1      | Reached XP level 3. HP: 13/20 MP: 4/4
  1113 | D:2      | Found Rehaebul's General Store.
  1160 | D:1      | Bought a +0 hunting sling for 19 gold pieces
  2001 | D:3      | Found a glowing drain.
  2015 | Sewer    | Entered a sewer
  2029 | Sewer    | Gained mutation: Your natural rate of healing is unusually
                  | fast. [Vine Stalker growth]
  2029 | Sewer    | Reached XP level 4. HP: 24/24 MP: 5/5
  2423 | Sewer    | Reached skill level 4 in Unarmed Combat
  2423 | Sewer    | Reached XP level 5. HP: 28/28 MP: 6/6
  2574 | D:3      | Found Latreot's Distillery.
  2582 | D:3      | Bought a potion of might for 48 gold pieces
  3127 | D:4      | Found Benailet's Book Shop.
  3193 | D:4      | Reached XP level 6. HP: 21/33 MP: 7/7
  3227 | D:4      | You fall into a shaft and drop 3 floors!
  3349 | D:7      | Reached skill level 5 in Unarmed Combat
  3349 | D:7      | Reached XP level 7. HP: 36/38 MP: 8/8
  3565 | D:7      | Reached skill level 5 in Fighting
  3670 | D:5      | Entered Level 5 of the Dungeon
  3670 | D:5      | Found a sacrificial altar of Ru.
  3678 | D:5      | Reached skill level 5 in Dodging
  3678 | D:5      | Reached skill level 6 in Unarmed Combat
  3678 | D:5      | Gained mutation: You have razor-sharp teeth. [Vine Stalker
                  | growth]
  3678 | D:5      | Reached XP level 8. HP: 27/44 MP: 6/9
  4641 | D:4      | Found a glowing silver altar of Zin.
  5119 | D:4      | Found a staircase to the Ecumenical Temple.
  5138 | Temple   | Entered the Ecumenical Temple
  5287 | Temple   | Became a worshipper of Sif Muna the Loreminder
  5287 | Temple   | Reached * piety under Sif Muna
  5287 | Temple   | Reached ** piety under Sif Muna
  5665 | D:6      | Reached skill level 7 in Unarmed Combat
  5733 | D:6      | Reached XP level 9. HP: 42/49 MP: 7/10
  6410 | D:7      | Found a blossoming altar of Fedhas.
  6431 | D:7      | Found a stormy altar of Qazlal.
  6887 | D:8      | Noticed a hornet
  6903 | D:8      | Killed a hornet
  7303 | D:8      | Found a flagged portal.
  7324 | Bailey   | Entered a bailey
  7344 | Bailey   | Reached skill level 8 in Unarmed Combat
  7462 | Bailey   | Reached XP level 10. HP: 33/56 MP: 9/11
  7575 | Bailey   | Noticed a vault guard
  7575 | Bailey   | Noticed Prince Ribbit
  7612 | Bailey   | Killed Prince Ribbit
  7613 | Bailey   | Reached skill level 9 in Unarmed Combat
  7618 | Bailey   | Slain by a vault guard

Illustrated notes

Levels and vault maps discovered:
D:1:      roderic_crossed_star, layout_rooms,
          shapermc_ecumenical_altar_hornbeckon, serial_aquarium,
          aquarium_bridge_square [aquarium_subvault_bridge,
          aquarium_subvault_bridge, aquarium_subvault_wall,
          aquarium_subvault_balcony], aquarium_window_2, aquarium_window_1,
          aquarium_window_corridor_2, aquarium_window_2, aquarium_view_2a,
          aquarium_view_2c, aquarium_pool_split, serial_shops,
          nicolae_shop_bloodbath_and_beyond
D:2:      layout_rooms, serial_shops, shop
D:3:      layout_basic, serial_shops, shop, portal_sewer_entry_d, fountainhead
D:4:      nicolae_cairo_tiling_large, layout_loops_ring, zin_scriptorium,
          minmay_temple_entry_junction_2, serial_shops, nicolae_stop_n_shop_1
D:5:      layout_basic, mainiacjoe_overflow_boulevard, minmay_holes,
          chequers_garden
D:6:      layout_loops_corners
D:7:      layout_loops_cross, nicolae_qazlal_scattered_showers,
          mainiacjoe_overflow_tiny_flanked, minmay_misc_feat_doors
D:8:      layout_layer_cave, enter_bailey_5, uniq_maurice
Temple:   nicolae_temple_elliptical
Bailey:   bailey_axe_froggy_fort_hellmonk, bailey

Skill      XL: |  1  2  3  4  5  6  7  8  9 10 |
---------------+-------------------------------+-----
Fighting       | 3 4 5 6 7 8 |  8.2
Dodging        | 3 4 5 6 7 |  7.4
Unarmed Combat | 4 5 6 7 8 9 |  9.0
Stealth        | |  2.4

Action                   |  1- 3 |  4- 6 |  7- 9 | 10-12 || total
-------------------------+-------+-------+-------+-------++-------
Melee: Unarmed           |    84 |    49 |   302 |    48 ||   483
       Bite              |    25 |    41 |   116 |    16 ||   198
       Dagger            |     5 |    65 |       |       ||    70
       Punch             |       |     1 |    15 |       ||    16
 Fire: Hunting sling     |    22 |    47 |   110 |       ||   179
Throw: Throwing net      |       |       |     1 |     1 ||     2
       Javelin           |       |       |       |     2 ||     2
Evoke: Wand              |       |       |     4 |     3 ||     7
  Use: Scroll            |       |     6 |    12 |     1 ||    19
       Potion            |       |     1 |     2 |       ||     3
 Stab: Sleeping          |     1 |     2 |       |       ||     3
       Distracted        |       |       |     1 |       ||     1
Armor: Robe              |    16 |       |       |       ||    16
       Ring mail         |    13 |    35 |   100 |     8 ||   156
Dodge: Dodged            |    41 |    71 |   224 |    35 ||   371
